 Dungeon Crawl Stone Soup version 0.23-a0-359-g9beedce (webtiles) character file.

2390 Cavelight the Magician (level 9, -5/57 HPs)
             Began as an Octopode Transmuter on Oct 23, 2018.
             Was an Initiate of Gozag.
             Slain by a porcupine (11 damage)
             ... on level 7 of the Dungeon on Oct 24, 2018.
             The game lasted 00:53:19 (10770 turns).

Cavelight the Magician (Octopode Transmuter)       Turns: 10770, Time: 00:53:19

Health: -5/57      AC:  1    Str: 10    XL:     9   Next: 46%
Magic:  19/19      EV: 14    Int: 17    God:    Gozag
Gold:   754        SH:  0    Dex: 13    Spells: 8/22 levels left

rFire    . . .     SeeInvis .     - Unarmed
rCold    . . .     Gourm    .   (no shield)
rNeg     . . .     Faith    .   (helmet restricted)
rPois    .         Spirit   .   (no amulet)
rElec    .         Reflect  .   l - ring of protection from magic
rCorr    .         Harm     .   (no ring)
MR       +....                  (no ring)
Stlth    ++........             (no ring)
HPRegen  0.19/turn              (no ring)
MPRegen  0.16/turn              (no ring)
                                (no ring)
                                (no ring)

@: about to teleport
A: almost no armour, stealthy swim, amphibious, 8 rings, constrict 8, camouflage
1, gelatinous body 1
a: Potion Petition, Call Merchant, Bribe Branch, Renounce Religion


You were on level 7 of the Dungeon.
You worshipped Gozag.
Gozag was pleased with you.
You were not hungry.

You visited 2 branches of the dungeon, and saw 9 of its levels.

You collected 839 gold pieces.
You paid 85 gold pieces to Gozag.

Inventory:

Hand Weapons
 h - a +1 dagger of freezing
   (You took it off a goblin on level 1 of the Dungeon)
 z - the +6 great sword "Bymum" {freeze, rElec rF+ Str-3}
   (You found it on level 6 of the Dungeon)

   It has been specially enchanted to freeze those struck by it, causing extra
   injury to most foes and up to half again as much damage against particularly
   susceptible opponents.
   It can also slow down cold-blooded creatures.
   It affects your strength (-3).
   It protects you from fire.
   It insulates you from electricity.
Missiles
 a - 75 arrows
 f - 183 stones (quivered)
Jewellery
 l - a ring of protection from magic (left tentacle)
   (You found it on level 3 of the Dungeon)
Wands
 d - a wand of iceblast (13)
   (You found it on level 3 of the Dungeon)
 p - a wand of polymorph (25)
   (You took it off Eustachio on level 4 of the Dungeon)
 u - a wand of paralysis (9)
   (You found it on level 3 of the Dungeon)
Scrolls
 b - a scroll of amnesia
 c - 2 scrolls of fog {unknown}
 k - a scroll of magic mapping {unknown}
 o - 4 scrolls of remove curse {@r2}
 v - a scroll of enchant armour {unknown}
 w - a scroll of immolation {unknown}
 x - 2 scrolls of fear {unknown}
 B - a scroll of enchant weapon {unknown}
Potions
 g - 3 potions of lignification {!q}
 i - 3 potions of curing {@q1}
 j - 3 potions of agility
 m - 2 potions of brilliance
 n - 2 potions of ambrosia
 q - a potion of heal wounds {@q2}
 r - a potion of flight {unknown}
 s - a potion of might {unknown}
 t - a potion of magic {unknown}
 A - a potion of invisibility {unknown}
Comestibles
 e - 5 rations {!d}


   Skills:
 + Level 3.6 Fighting
 + Level 3.6 Dodging
 + Level 4.3 Unarmed Combat
 * Level 7.2 Spellcasting
 - Level 6.8 Transmutations
 - Level 3.0 Ice Magic
 - Level 3.2 Poison Magic


You had 8 spell levels left.
You knew the following spells:

 Your Spells              Type           Power        Failure   Level  Hunger
a - Blade Hands           Tmut           ####......   19%         5    #####..
c - Ice Form              Ice/Tmut       ###.....     14%         4    ####...
s - Sticks to Snakes      Tmut           ####....     1%          2    None
x - Spider Form           Tmut/Pois      ###.......   4%          3    ##.....

Your spell library contained the following spells:

 Spells                   Type           Power        Failure   Level  Hunger
 Beastly Appendage        Tmut           ####..       1%          1    None


Dungeon Overview and Level Annotations

Branches:
Dungeon (8/15)             Temple (1/1) D:5
   Lair: D:8-11

Altars:
Ashenzari
Dithmenos
Elyvilon
Gozag
Kikubaaqudgha
Makhleb
Nemelex Xobeh
Okawaru
Qazlal
Ru
Sif Muna
Trog
Uskayaw
Vehumet
Wu Jian
Yredelemnul
The Shining One

Annotations:
D:8 Pikel


Innate Abilities, Weirdness & Mutations

You cannot wear most types of armour.
You are very stealthy in the water. (Stealth+)
You are amphibious.
You can wear up to eight rings at the same time.
You can use your tentacles to constrict eight enemies at once.
Your skin changes colour to match your surroundings (Stealth+).
Your rubbery body absorbs attacks. (AC +1, EV +1)


Message History

Pikel hits you with a +2 whip of freezing!
Pikel closely misses you.
There is a stone staircase leading up, spattered with blood here.
Aim: Pikel, wielding a +2 whip of freezing and wearing a +2 robe of cold Pikel resists with some effort.
The slave shouts!
A killer bee comes into view.
A porcupine comes into view.
Pikel hits you with a +2 whip of freezing.
Aim: Pikel, wielding a +2 whip of freezing and wearing a +2 robe of cold Pikel resists with some effort.
The killer bee buzzes angrily.
You hear an angry buzzing noise.
A bullfrog comes into view.
A killer bee comes into view.
Pikel hits you with a +2 whip of freezing.
Aim: Pikel, wielding a +2 whip of freezing and wearing a +2 robe of cold Pikel suddenly stops moving!
The bullfrog croaks.
The helpless Pikel fails to defend himself.
You hit Pikel but do no damage. The slave misses you.
The helpless Pikel fails to defend himself.
You hit Pikel. You freeze Pikel.
You warm up again.
The helpless Pikel fails to defend himself.
You tentacle-slap Pikel. You grab Pikel. You squeeze Pikel.
You constrict Pikel. The slave closely misses you.
The helpless Pikel fails to defend himself.
You tentacle-slap Pikel. You constrict Pikel, but do no damage.
The slave barely misses you.
The helpless Pikel fails to defend himself.
You tentacle-slap Pikel but do no damage.
You constrict Pikel, but do no damage. The slave misses you.
The porcupine bites you!
* * * LOW HITPOINT WARNING * * *
The helpless Pikel fails to defend himself.
You tentacle-slap Pikel but do no damage.
You squeeze Pikel, but do no damage. You constrict Pikel, but do no damage.
The slave hits you!
* * * LOW HITPOINT WARNING * * *
The porcupine bites you.
* * * LOW HITPOINT WARNING * * *
You release your grip on Pikel.
The slave closely misses you. The porcupine barely misses you.
You climb upwards.
There is a stone staircase leading down here.
You see here a +0 flail.
As you read the scroll of teleportation {@r4}, it crumbles to dust.
You feel strangely unstable. The slave hits you.
* * * LOW HITPOINT WARNING * * *
The porcupine bites you!
You die...
Your body crumbles into a pile of gold.

##..............#.#.#...#......##
#..............#....#.##.#.#....
##...........###.......#........
########...## ###.....#...#....
##..## #....)...(..... # #...#
##..#...#####.. ### #...#
##........#.... ..##
#...#####..#..........# ...#
#...>r@....###....#...# #..##
##...p....## #.....#.## ....#
#.......## ##.......# ...##
##......# ###..#..# ####
#......## #...... ##.......###
##..... ##########..........####
#.....
#..............####....####....
##...######..#### ###..........


You could see a slave and a porcupine.

Vanquished Creatures
  Sigmund (D:2)
  Eustachio (D:4)
  An orc warrior (D:7)
  2 phantoms
  3 ice beasts (D:5)
  A necrophage (D:6)
  2 sky beasts
  An ogre (D:6)
  Blork the orc (D:4)
  3 bullfrogs (D:5)
  2 scorpions
  A killer bee (D:7)
  A wight (D:6)
  A howler monkey (D:6)
  2 crimson imps
  A hound (D:7)
  2 jellies
  4 orc wizards
  A bullfrog skeleton (D:5)
  Jessica (D:2)
  A centaur skeleton (D:5)
  2 iguanas
  A worker ant (D:7)
  A killer bee zombie (D:6)
  A hound zombie (D:5)
  6 adders
  6 gnolls
  A river rat (D:5)
  A worm (D:2)
  A dart slug (D:1)
  6 leopard geckos
  16 orcs
  4 ball pythons
  11 bats
  7 giant cockroaches
  14 goblins
  11 hobgoblins
  11 jackals
  3 quokkas
  A frilled lizard (D:3)
  11 kobolds
  A quokka skeleton (D:5)
  A quokka zombie (D:6)
  12 rats
  A fungus (D:2)
163 creatures vanquished.

Vanquished Creatures (collateral kills)
  A slave (D:8)
  An ogre (D:7)
  Crazy Yiuf (D:2)
  A worker ant (D:7)
  Robin (D:2)
  2 adders
  3 gnolls (D:8)
  A goblin (D:2)
  A frilled lizard (D:2)
12 creatures vanquished.

Vanquished Creatures (others)
  15 fungi (D:8)
15 creatures vanquished.

Grand Total: 190 creatures vanquished

Notes
Turn   | Place    | Note
-------+----------+-------------------------------------------
     0 | D:1      | Cavelight the Octopode Transmuter began the quest for the
                  | Orb.
     0 | D:1      | Reached XP level 1. HP: 13/13 MP: 3/3
   568 | D:1      | Reached XP level 2. HP: 10/18 MP: 3/5
   827 | D:1      | Learned a level 2 spell: Sticks to Snakes
  1220 | D:1      | Reached XP level 3. HP: 22/23 MP: 6/6
  1724 | D:2      | Noticed Robin
  1744 | D:2      | Killed Robin
  1873 | D:2      | Noticed Jessica
  1955 | D:1      | Learned a level 3 spell: Spider Form
  2261 | D:2      | Reached XP level 4. HP: 29/29 MP: 5/7
  2335 | D:2      | Noticed Sigmund
  2761 | D:3      | Reached skill level 1 in Poison Magic
  3572 | D:4      | Noticed Eustachio
  3585 | D:4      | Killed Eustachio
  3585 | D:4      | Reached skill level 3 in Spellcasting
  3585 | D:4      | Reached XP level 5. HP: 34/34 MP: 9/9
  3585 | D:4      | Reached XP level 6. HP: 39/39 MP: 10/10
  3598 | D:4      | Learned a level 4 spell: Ice Form
  3721 | D:4      | Found a shattered altar of Ashenzari.
  4034 | D:4      | Found a stormy altar of Qazlal.
  4035 | D:4      | Noticed an air elemental
  4035 | D:4      | Noticed a water elemental
  4035 | D:4      | Noticed a fire elemental
  4111 | D:4      | Noticed a phantom
  4156 | D:4      | Noticed Blork the orc
  4479 | D:4      | Killed a phantom
  4479 | D:4      | Reached skill level 1 in Ice Magic
  5371 | D:4      | Killed Blork the orc
  5371 | D:4      | Reached skill level 5 in Transmutations
  5371 | D:4      | Reached XP level 7. HP: 44/44 MP: 8/12
  5478 | D:5      | Entered Level 5 of the Dungeon
  5547 | D:5      | Found a staircase to the Ecumenical Temple.
  5825 | D:5      | Found a sparkling altar of Nemelex Xobeh.
  5920 | D:5      | Found a deep blue altar of Sif Muna.
  5952 | D:5      | Found an ornate altar of the Wu Jian Council.
  5957 | D:5      | Found a white marble altar of Elyvilon.
  6125 | D:5      | Reached skill level 4 in Spellcasting
  6422 | Temple   | Entered the Ecumenical Temple
  6513 | Temple   | Became a worshipper of Gozag Ym Sagoz the Greedy
  6790 | D:5      | Reached XP level 8. HP: 50/50 MP: 6/14
  7381 | D:6      | Reached skill level 5 in Spellcasting
  7865 | D:6      | Reached skill level 6 in Spellcasting
  8379 | D:6      | Got a faintly glowing great sword
  8380 | D:6      | Identified the +6 great sword "Bymum" {freeze, rElec rF+
                  | Str-3} (You found it on level 6 of the Dungeon)
  8400 | D:6      | Found a basalt altar of Yredelemnul.
  9086 | D:7      | Reached XP level 9. HP: 55/55 MP: 13/18
  9149 | D:7      | Learned a level 5 spell: Blade Hands
  9930 | D:8      | Found a sacrificial altar of Ru.
 10023 | D:8      | Noticed Pikel
 10174 | D:2      | Killed Sigmund
 10174 | D:2      | Reached skill level 7 in Spellcasting
 10281 | D:2      | Killed Jessica
 10372 | D:2      | Found an iron altar of Okawaru.
 10490 | D:2      | Found a runed door.
 10494 | D:2      | Noticed Crazy Yiuf
 10500 | D:2      | Killed Crazy Yiuf
 10770 | D:7      | Slain by a porcupine

Vault maps used:
D:1:      elethiomel_arrival_quiet
D:2:      lemuel_round_altar, minivault_5, uniq_robin, uniq_crazy_yiuf_cottage,
          uniq_jessica, uniq_sigmund
D:4:      ashenzari_conservatory_becter, nicolae_qazlal_style_of_elements,
          serial_glass, glass_columns_b, glass_columns_a, glass_columns_a,
          glass_columns_c, glass_columns_c, glass_columns_a, glass_columns_c,
          glass_columns_a, first_ration, grunt_ministairs_2, uniq_blork_the_orc,
          uniq_eustachio
D:5:      overflow_temple_1_default, grunt_temple_overflow_open,
          temple_doors_ab, portal_sewer_entry_e, nemelex_lonely_heart_becter
D:6:      lemuel_crystal_altar
D:7:      hangedman_decor_lopped
D:8:      kennysheep_mini_moat, slow_altar_1, due_lair_maze_entry_diamond,
          nicolae_ru_awakened_eye, uniq_pikel
Temple:   dpeg_three_leaves_temple

Skill      XL: |  1  2  3  4  5  6  7  8  9 |
---------------+----------------------------+-----
Transmutations | 3 4 5 6 |  6.8
Poison Magic   | 3 |  3.2
Spellcasting   | 3 4 6 7 |  7.2
Ice Magic      | 2 3 |  3.0
Fighting       | 2 3 |  3.6
Dodging        | 3 |  3.6
Unarmed Combat | 4 |  4.3

Action                   |  1- 3 |  4- 6 |  7- 9 || total
-------------------------+-------+-------+-------++-------
Melee: Unarmed           |    85 |   140 |   313 ||   538
       Kick              |     7 |     3 |       ||    10
       Constrict         |    28 |    20 |     9 ||    57
       Tentacles         |    14 |    12 |    21 ||    47
       Punch             |       |     2 |       ||     2
Throw: Stone             |    58 |    61 |     2 ||   121
 Cast: Beastly Appendage |     9 |     1 |       ||    10
       Sticks to Snakes  |     5 |    11 |    28 ||    44
       Spider Form       |       |    10 |    18 ||    28
       Ice Form          |       |       |    14 ||    14
Evoke: Wand              |       |     2 |     6 ||     8
  Use: Scroll            |       |     8 |     4 ||    12
       Potion            |       |       |     1 ||     1
 Stab: Sleeping          |     1 |     1 |     5 ||     7
       Paralysed         |       |    12 |     6 ||    18
       Distracted        |       |     1 |     3 ||     4
  Eat: Chunk             |     5 |     7 |     3 ||    15
       Ration            |       |     1 |     6 ||     7
Armor: Skin              |     7 |     5 |    44 ||    56
Dodge: Dodged            |    50 |    84 |   164 ||   298

Table legend:
 A = Non-vault XP
 B = Vault XP
 C = Vault XP percentage of total XP
 D = Non-vault monster count
 E = Vault monster count
 F = Vault count percentage of total count
                 A         B        C        D         E       F
            +---------+---------+-------+---------+---------+-------
      Total |    2778 |     637 |  18.7 |     148 |      25 |  14.5
            +---------+---------+-------+---------+---------+-------
        D:1 |      47 |      10 |  17.5 |      27 |       5 |  15.6
        D:2 |      40 |     269 |  87.1 |      23 |       9 |  28.1
        D:3 |      65 |       0 |   0.0 |      22 |       0 |   0.0
        D:4 |     221 |     272 |  55.2 |      15 |       2 |  11.8
        D:5 |     946 |      22 |   2.3 |      18 |       8 |  30.8
        D:6 |     784 |       0 |   0.0 |      19 |       0 |   0.0
        D:7 |     629 |       0 |   0.0 |      19 |       0 |   0.0
        D:8 |      46 |      64 |  58.2 |       5 |       1 |  16.7
            +---------+---------+-------+---------+---------+-------
